 Dungeon Crawl Stone Soup version 0.30.1-11-g7821555f0a (webtiles) character file.

Game seed: 5662457808861205557

9 monsoonserge the Conjurer (level 2, 0/11 (17) HPs)
             Began as a Tengu Reaver on Jan 12, 2024.
             Killed from afar by a dart slug (4 damage)
             ... with a slug dart
             ... on level 1 of the Dungeon.
             The game lasted 00:01:03 (168 turns).

monsoonserge the Conjurer (Tengu Reaver)             Turns: 168, Time: 00:01:03

HP:   0/11 (17)     AC:  3    Str: 12    XL:     2   Next: 16%
MP:   3/6           EV: 11    Int: 13    God:
Gold: 0             SH:  3    Dex: 12    Spells: 4/5 levels left

rFire   . . .        a - +0 mace
rCold   . . .        d - +0 buckler
rNeg    . . .        b - +0 leather armour
rPois   .            (helmet restricted)
rElec   .            (no cloak)
rCorr   .            (no gloves)
SInv    .            (boots unavailable)
Will    .....        (no amulet)
Stlth   +            (no ring)
HPRegen 0.21/turn    (no ring)
MPRegen 0.10/turn

%: no passive effects
@: very heavily drained
A: beak, talons 3
a: no special abilities


You were on level 1 of the Dungeon.
You visited 1 branch of the dungeon, and saw 1 of its levels.

Inventory:

Hand Weapons
 a - a +0 mace (weapon)
Armour
 b - a +0 leather armour (worn)
 d - a +0 buckler (worn)
Scrolls
 c - a scroll of enchant weapon {unknown}


   Skills:
 + Level 2.0 Fighting
 + Level 3.3 Maces & Flails
 + Level 2.2 Dodging
 * Level 0.6 Shields
 - Level 2.0 Spellcasting
 + Level 4.5 Conjurations
 * Level 0.1 Necromancy


You had 4 spell levels left.
You knew the following spells:

 Your Spells              Type           Power      Damage    Failure   Level
a - Kiss of Death         Conj/Necr      28%        2d7       19%         1

Your spell library contained the following spells:

 Spells                   Type           Power      Damage    Failure   Level
 Momentum Strike          Conj/Tloc      14%        3d8       28%         2
 Hailstorm                Conj/Ice       7%         3d4       50%         3
 Blink                    Tloc           2%         N/A       56%         2
 Lesser Beckoning         Tloc           2%         N/A       56%         2


Dungeon Overview and Level Annotations

Branches:
Dungeon (1/15)

Altars:


Innate Abilities, Weirdness & Mutations

You have a beak for a mouth.
You have claws for feet.


Message History

The dart slug is severely wounded.
The dart slug bites you.
* * * LOW HITPOINT WARNING * * *
Casting: Kiss of Death (safe; 19% risk of failure)
Confirm with . or Enter, or press ? or * to list all spells.
Aiming: Kiss of Death (safe; 19% risk of failure)
Press: ? - help, Shift-Dir - straight line, f - dart slug
Aim: a dart slug (severely wounded, 100% to hit)
You miscast Kiss of Death.
You are very lightly contaminated with residual magic.
Nothing appears to happen.
Casting: Kiss of Death (safe; 19% risk of failure)
Confirm with . or Enter, or press ? or * to list all spells.
Aiming: Kiss of Death (safe; 19% risk of failure)
Press: ? - help, Shift-Dir - straight line, f/p - dart slug
Aim: a dart slug (severely wounded, 100% to hit)
The negative energy hits the dart slug.
The dart slug is drained!
You kill the dart slug!
You feel drained.
You have reached level 2!
Casting: Kiss of Death (safe; 19% risk of failure)
Confirm with . or Enter, or press ? or * to list all spells.
Aiming: Kiss of Death (safe; 19% risk of failure)
Press: ? - help, Shift-Dir - straight line, f - ball python
Aim: a ball python (100% to hit)
The negative energy hits the ball python!
The ball python is drained!
You kill the ball python!
You feel drained.
The kobold throws a stone.
The stone hits you.
* * * LOW HITPOINT WARNING * * *
You aren't carrying any potions.
The kobold throws a stone.
You block the stone.
The kobold throws a stone.
The stone misses you.
The kobold throws a stone.
The stone hits you but does no damage.
Your magical contamination has completely faded away.
A dart slug comes into view.
The dart slug launches a dart at you. The slug dart hits you.
You die...

#.#..#.#
#.#########S#
..#..#.#
#.w...w.....# ..
########..#.#
#.#.#######K# #...
..........#.#
#.#.......#.#.....
.########.#.#
#.#######.K.....#
#.# ####...#.###.#
###..>#.# ..#
#....#.....#.#
........
.####....#.#.#.#.#
.........
...........#†#.#@#
..........
.........###.#.#.#
...........
....#......#.#.#.#
............
..#†#......#.#.#.#
.....$.......
..#.#....###.#.#.#
..#......###.#.#.#
..#.#........#.#..
..#....#.###.# ###
..#.##.### #


You could see a dart slug.

Vanquished Creatures
  A dart slug (D:1)
  An endoplasm (D:1)
  3 hobgoblins (D:1)
  A ball python (D:1)
  A rat (D:1)
7 creatures vanquished.

Notes
Turn   | Place    | Note
-------+----------+-------------------------------------------
     0 | D:1      | monsoonserge the Tengu Reaver began the quest for the Orb.
     0 | D:1      | Reached XP level 1. HP: 12/12 MP: 4/4
   154 | D:1      | Reached XP level 2. HP: 2/15 MP: 3/6
   168 | D:1      | Killed from afar by a dart slug

Illustrated notes

Levels and vault maps discovered:
D:1:      minmay_arrival_semitransparent, layout_basic

Action                     || total
---------------------------++-------
  Melee: Mace              ||    12
         Peck              ||     2
         Kick              ||     1
   Cast: Kiss of Death     ||     2
 Armour: Leather armour    ||     2
  Dodge: Dodged            ||     6
  Block: Buckler           ||     2
